 Dungeon Crawl Stone Soup version 0.19-a0-1254-gb9c29c0 (webtiles) character file.

41 Leszczynek the Cudgeler (level 3, -6/36 HPs)
             Began as an Ogre Ice Elementalist on Aug 28, 2016.
             Was an Initiate of Trog.
             Mangled by Natasha (8 damage)
             ... on level 2 of the Dungeon.
             The game lasted 00:04:29 (523 turns).

Leszczynek the Cudgeler (Ogre Ice Elementalist)      Turns: 523, Time: 00:04:30

Health: -6/36      AC:  3    Str: 14    XL:     3   Next: 52%
Magic:  6/6        EV: 10    Int: 14    God:    Trog [......]
Gold:   50         SH:  0    Dex: 10    Spells: 1 memorised, 5 levels left

rFire  . . .     SeeInvis .     a - +0 whip
rCold  . . .     Gourm    .     o - +0 robe
rNeg   . . .     Faith    .     (no shield)
rPois  .         Spirit   .     (helmet restricted)
rElec  .         Dismiss  .     (no cloak)
rCorr  .         Reflect  .     (gloves unavailable)
MR     .....     Harm     .     (boots unavailable)
Stlth  +.........               (no amulet)
                                (no ring)
                                (no ring)

@: no status effects
A: unfitting armour, tough skin 1
a: Burn Spellbooks, Renounce Religion


You were on level 2 of the Dungeon.
You worshipped Trog.
Trog was noncommittal.
You were not hungry.

You visited 1 branch of the dungeon, and saw 2 of its levels.

You collected 50 gold pieces.

Inventory:

Hand Weapons
 a - a +0 whip (weapon)
 j - a +0 club
Armour
 b - a +0 shield
 o - a +0 robe (worn)
Jewellery
 n - an uncursed ring of fire
Scrolls
 e - a scroll of teleportation {unknown}
 g - 2 scrolls of identify
 k - a scroll of blinking {unknown}
 l - a scroll of random uselessness {unknown}
 m - 3 scrolls of magic mapping
Comestibles
 c - a bread ration
 d - 2 fruits
 h - a meat ration
 i - 7 chunks of flesh


   Skills:
 - Level 2.3 Fighting
 * Level 3.1 Maces & Flails
 - Level 1.7 Dodging
 - Level 1.5 Stealth
 - Level 2.4 Spellcasting
   Level 0.6 Conjurations
 - Level 2.1 Ice Magic


You had 5 spell levels left.
You knew the following spells:

 Your Spells              Type           Power        Failure   Level  Hunger
a - Freeze                Ice            #...         12%         1    #......


Dungeon Overview and Level Annotations

Branches:
Dungeon (2/15)

Altars:
Gozag
Trog

Annotations:
D:2 Natasha


Innate Abilities, Weirdness & Mutations

You are too large for most types of armour.
You have tough skin. (AC +1)


Message History

Unknown command.
You hit Natasha.
Natasha is lightly wounded.
Natasha claws you!
You aren't carrying any potions.
Unknown command.
As you read the scroll labeled UTEIZIMAACS, it crumbles to dust.
It is a scroll of identify.
m - 3 scrolls of magic mapping Natasha claws you.
You closely miss Natasha.
Natasha is lightly wounded.
Natasha casts a spell at you. The magic dart hits you!
* * * LOW HITPOINT WARNING * * *
Unknown command.
You hit Natasha.
Natasha is moderately wounded.
Natasha claws you!
You die...

##### #### ### )....#
...# ##.###.....#
##.##########....h.....#
...)..รท.........@#.....
.#.#####...)....## ...
...# #...##..## . .###
##.###.## .# #.# #.# .#
#.# #.# .# #.# #.# .#
#.# #.# .# #.# #.# ...
...#


You could see Natasha.

Vanquished Creatures
  A gnoll (D:1)
  An adder (D:2)
  A giant gecko (D:1)
  A ball python (D:1)
  A giant cockroach (D:1)
  3 goblins (D:1)
  5 hobgoblins
  2 quokkas (D:2)
  A bat (D:1)
  A kobold (D:1)
  3 rats
20 creatures vanquished.

Notes
Turn   | Place    | Note
-------+----------+-------------------------------------------
     0 | D:1      | Leszczynek the Ogre Ice Elementalist began the quest for the Orb.
     0 | D:1      | Reached XP level 1. HP: 16/16 MP: 3/3
    83 | D:1      | Reached skill level 1 in Fighting
   130 | D:1      | i found a flail at least
   130 | D:1      | on a gnoll pack :/
   169 | D:1      | Reached XP level 2. HP: 28/28 MP: 3/5
   173 | D:1      | Reached skill level 1 in Maces & Flails
   190 | D:1      | Reached skill level 2 in Fighting
   211 | D:1      | Reached skill level 2 in Maces & Flails
   300 | D:1      | Reached XP level 3. HP: 35/36 MP: 1/6
   342 | D:2      | Found a bloodstained altar of Trog.
   355 | D:2      | trog huh
   356 | D:2      | eh, but if i want to go 15 runes...
   356 | D:2      | oh well, let's try and see how it goes
   356 | D:2      | Became a worshipper of Trog the Wrathful
   383 | D:2      | that is, if i live to reach berserk
   420 | D:2      | Found an opulent altar of Gozag.
   498 | D:2      | Reached skill level 3 in Maces & Flails
   516 | D:2      | Noticed Natasha
   522 | D:2      | HP: 1/36 [Natasha/magic dart (9)]
   523 | D:2      | Mangled by Natasha

Vault maps used:
D:1:      scummos_arrival_star
D:2:      nicolae_gozag_cash_rules_everything_around_me, bloody_trog,
          uniq_natasha

Skill      XL: |  1  2  3 |
---------------+----------+-----
Fighting       | 1 2 |  2.3
Maces & Flails | 2 3 |  3.1
Dodging        | |  1.7
Stealth        | |  1.5
Spellcasting   | |  2.4
Conjurations   | |  0.6
Ice Magic      | |  2.1

Action                   || total
-------------------------++-------
Melee: Short sword       ||    41
       Whip              ||     5
 Cast: Freeze            ||    19
  Use: Scroll            ||     1
 Stab: Sleeping          ||     1
Armor: Robe              ||     9
Dodge: Dodged            ||    31
